 Dungeon Crawl Stone Soup version 0.26-a0-8-gc4d20be10f (webtiles) character file.

Game seed: 18356010453179649683, levelgen mode: deterministic

6561 wvc the Carver (level 10, -3/70 HPs)
             Began as a Demonspawn Gladiator on May 24, 2020.
             Was a High Priest of Okawaru.
             Slain by a catoblepas (8 damage)
             ... while petrified by you
             ... on level 11 of the Dungeon.
             The game lasted 00:18:52 (9980 turns).

wvc the Carver (Demonspawn Gladiator)               Turns: 9980, Time: 00:18:53

Health: -3/70      AC: 10    Str: 20    XL:     10   Next: 70%
Magic:  10/10      EV:  2    Int: 11    God:    Okawaru [*****.]
Gold:   453        SH:  0    Dex: 24    Spells: 7/9 levels left

rFire    + . .     SeeInvis .   o - +8 short sword "Jedd" {flame, rC+ Dex+4}
rCold    + + .     Gourm    .   (no shield)
rNeg     + + +     Faith    .   H - +1 ring mail of the Zebra {MR+ Dex+3}
rPois    ∞         Spirit   .   (helmet restricted)
rElec    .         Reflect  .   D - +2 cloak {rCorr}
rCorr    +         Harm     .   (no gloves)
MR       +....                  K - +0 pair of boots
Stlth    +.........             (no amulet)
HPRegen  0.21/turn              i - +6 ring of strength
MPRegen  0.12/turn              h - ring of protection from cold

@: agile, petrified
A: antennae 1, hooves 2, large bone plates 2, fire resistance 1, powered by pain
1, spiny 1, subdued magic 1
a: Heroism, Finesse, Renounce Religion


You were on level 11 of the Dungeon.
You worshipped Okawaru.
Okawaru was extremely pleased with you.
You were not hungry.

You visited 1 branch of the dungeon, and saw 11 of its levels.

You collected 453 gold pieces.

Inventory:

Hand Weapons
 e - a +2 great sword
 o - the +8 short sword "Jedd" (weapon) {flame, rC+ Dex+4}
   (You took it off an orc on level 3 of the Dungeon)

   It has been specially enchanted to burn those struck by it, causing extra
   injury to most foes and up to half again as much damage against particularly
   susceptible opponents.
   It affects your dexterity (+4).
   It protects you from cold.
 y - a +3 scimitar of freezing
 A - a +4 long sword
 B - a +1 dagger of electrocution
 G - the +4 hand axe "Pavaadoo" {pain, Int+10 Dex+6 Stlth-}
   (You found it on level 9 of the Dungeon)

   In the hands of one skilled in necromantic magic, it inflicts extra damage on
   living creatures.
   It affects your intelligence (+10).
   It affects your dexterity (+6).
   It makes you less stealthy.
Missiles
 d - a throwing net (quivered)
 l - 11 silver javelins
Armour
 p - a +2 helmet
 D - a +2 cloak of preservation (worn)
 H - the +1 ring mail of the Zebra (worn) {MR+ Dex+3}
   (You found it on level 9 of the Dungeon)

   It affects your dexterity (+3).
   It affects your resistance to hostile enchantments.
 K - a +0 pair of boots (worn)
Jewellery
 h - a ring of protection from cold (right hand)
 i - a +6 ring of strength (left hand)
 x - an uncursed ring of poison resistance
 E - the ring of the Death Scarab {rElec rC+++ MR- Int+6 SInv, unknown}
   (You found it on level 9 of the Dungeon)

   [ring of intelligence]

   It affects your intelligence (+6).
   It renders you almost immune to cold.
   It insulates you from electricity.
   It affects your resistance to hostile enchantments.
   It lets you see invisible.
 F - the ring of Tomorrow {rCorr Str+4, unknown}
   (You found it on level 9 of the Dungeon)

   [ring of resist corrosion]

   It affects your strength (+4).
   It provides partial protection from all sources of acid and corrosion.
Wands
 c - a wand of flame (4)
 s - a wand of acid (9)
 w - a wand of random effects (13)
Scrolls
 b - 3 scrolls of enchant weapon
 j - 2 scrolls of magic mapping
 k - 3 scrolls of enchant armour
 q - 4 scrolls of remove curse
 t - 4 scrolls of teleportation
Potions
 a - a potion of brilliance
 g - 3 potions of might
 m - 2 potions of curing
 n - a potion of stabbing {unknown}
 r - a potion of invisibility
 u - a potion of magic {unknown}
 v - a potion of ambrosia {unknown}
 z - 2 potions of flight
 C - a potion of haste {unknown}
 I - a potion of resistance {unknown}
Comestibles
 f - 22 rations


   Skills:
 + Level 3.0 Fighting
 - Level 14.0 Long Blades
 - Level 1.7 Throwing
 + Level 3.0 Armour
 + Level 3.4 Dodging
 + Level 0.2 Invocations


You had 7 spell levels left.
You knew the following spells:

 Your Spells              Type           Power        Failure   Level  Hunger
a - Swiftness             Chrm/Air       #.......     61%         2    ###....

Your spell library contained the following spells:

 Spells                   Type           Power        Failure   Level  Hunger
 Shock                    Conj/Air       #...         47%         1    ##.....
 Sting                    Tmut/Pois      #...         47%         1    ##.....
 Poisonous Vapours        Pois/Air       #.....       61%         2    ###....
 Conjure Flame            Conj/Fire      #.......     85%         3    ####...
 Gell's Gravitas          Tloc           #.........   85%         3    ####...
 Ignite Poison            Fire/Tmut/Pois #.......     85%         3    ####...
 Mephitic Cloud           Conj/Pois/Air  #.......     85%         3    ####...
 Portal Projectile        Hex/Tloc       #.....       85%         3    ####...
 Static Discharge         Conj/Air       #.......     85%         3    ####...
 Airstrike                Air            #.........   99%         4    #####..
 Olgreb's Toxic Radiance  Pois           #.......     99%         4    #####..
 Fireball                 Conj/Fire      #.........   100%        5    ######.
 Lightning Bolt           Conj/Air       #.........   100%        5    ######.
 Dispersal                Tloc           #.........   100%        6    #######
 Ring of Flames           Chrm/Fire      #.........   100%        7    #######
 Chain Lightning          Conj/Air       #.........   100%        8    #######
 Controlled Blink         Tloc           N/A          100%        8    #######
 Disjunction              Tloc           #.........   100%        8    #######
 Lehudib's Crystal Spear  Conj/Erth      #.........   100%        8    #######
 Absolute Zero            Ice            #.........   100%        9    #######
 Fire Storm               Conj/Fire      #.........   100%        9    #######


Dungeon Overview and Level Annotations

Branches:
Dungeon (11/15)            Temple (0/1) D:4            Lair (0/6) D:9
    Orc: D:9-12

Altars:
Elyvilon
Nemelex Xobeh
Okawaru
Qazlal
Sif Muna
Trog
The Shining One
Beogh

Annotations:
D:7 2 transporters, HoaS's ghost, novice GrBe


Innate Abilities, Weirdness & Mutations

You have hoof-like feet.
You are mostly covered in large bone plates. (SH +6)
You sometimes gain a little power by taking damage.
You are partially covered in sharp spines.
You have a pair of small antennae on your head.
Your flesh is heat resistant. (rF+)
Your spells are a little easier to cast, but a little less powerful.


Message History

The blast of calcifying dust hits you but does no damage.
Your limbs are stiffening.
You have turned to stone.
The catoblepas gores you!
The catoblepas breathes a plume of calcifying dust at you.
The blast of calcifying dust hits you.
You are engulfed in calcifying dust.
The catoblepas is struck by your spines.
The catoblepas gores you.
You are engulfed in calcifying dust.
The catoblepas gores you!!
You are engulfed in calcifying dust.
The catoblepas gores you.
You are engulfed in calcifying dust.
The catoblepas is struck by your spines.
The catoblepas gores you!!
* * * LOW HITPOINT WARNING * * *
The catoblepas is struck by your spines.
The catoblepas gores you!!
* * * LOW HITPOINT WARNING * * *
The catoblepas gores you!
You die...

*,**,≈*,,,≈*,* * *,,*,,*,,≈*≈** *
*########## **,**,,,,*≈*******
,.........# *,,,,,,≈,,,,,,,,,
,.........# ****,,**,,,,,,,,,
,.........###########+##,,,,,,,,,
,..........#...........#..,,,,,,,
,........))...............,,,,,,,
,.(.......#)...§@Y......#,,,,,,,,
,.........##............#,,,,,,,,
,.......<.##...........##,,,,,,,,
*#####+######+##########*******,*
**,* *,,,** ***,* *,,* ***,,*
*,,,* *,** **,* *,*** *****+**
*****+*** *****+*** ,,,,,,,*
*,,,,,,,* *,,,,,,,,


You could see a catoblepas.

Vanquished Creatures
  A hydra (D:9)
  A tengu warrior (D:9)
  Maurice (D:8)
  Grum (D:9)
  A hungry ghost (D:9)
  3 orc warriors
  2 sky beasts
  An ice beast (D:7)
  2 phantoms
  A necrophage (D:5)
  5 ogres
  2 centaurs
  3 wolves (D:9)
  Blork the orc (D:6)
  2 big kobolds
  5 bullfrogs
  A scorpion (D:9)
  7 killer bees
  10 wights
  2 howler monkeys (D:10)
  6 crimson imps
  2 bullfrog zombies
  3 jellies
  4 orc priests
  5 hounds
  A bullfrog skeleton (D:2)
  4 centaur skeletons
  5 worker ants
  Natasha (thrice) (D:2)
  6 orc wizards
  The ghost of Lanoc the Sneak, a weakling OpAs (D:3)
  A hound skeleton (D:9)
  4 gnolls (D:7)
  4 adders
  5 shadow imps
  An ooze (D:4)
  2 adder skeletons
  2 worms (D:4)
  6 leopard geckos
  38 orcs
  4 bats
  4 giant cockroaches
  4 goblins
  6 hobgoblins
  15 jackals
  2 quokkas
  2 ball pythons
  5 frilled lizards
  2 jackal skeletons
  11 kobolds
  A leopard gecko zombie (D:9)
  A quokka skeleton (D:5)
  11 rats
223 creatures vanquished.

Notes
Turn   | Place    | Note
-------+----------+-------------------------------------------
     0 | D:1      | wvc the Demonspawn Gladiator began the quest for the Orb.
     0 | D:1      | Reached XP level 1. HP: 16/16 MP: 1/1
   123 | D:1      | Reached skill level 3 in Long Blades
   430 | D:1      | Gained mutation: You are partially covered in large bone
                  | plates. (SH +4) [demonic ancestry]
   430 | D:1      | Reached XP level 2. HP: 22/22 MP: 2/2
  1312 | D:2      | Gained mutation: You sometimes gain a little power by
                  | taking damage. [demonic ancestry]
  1312 | D:2      | Reached XP level 3. HP: 26/27 MP: 3/3
  1449 | D:2      | Found an iron altar of Okawaru.
  1462 | D:2      | Reached skill level 4 in Long Blades
  1475 | D:2      | Became a worshipper of Warmaster Okawaru
  1575 | D:2      | Noticed Natasha
  1585 | D:2      | Killed Natasha
  1731 | D:2      | Gained mutation: You have large cloven feet. [demonic
                  | ancestry]
  1731 | D:2      | Reached XP level 4. HP: 18/33 MP: 4/4
  1893 | D:2      | You fall into a shaft and drop 1 floor!
  2024 | D:2      | Noticed a sky beast
  2038 | D:2      | Killed a sky beast
  2038 | D:2      | Reached * piety under Okawaru
  2038 | D:2      | Reached skill level 5 in Long Blades
  2038 | D:2      | Reached XP level 5. HP: 11/38 MP: 5/5
  2215 | D:2      | Noticed Natasha
  2226 | D:2      | Killed Natasha
  2256 | D:2      | Noticed Natasha
  2260 | D:2      | Killed Natasha
  2260 | D:2      | Reached skill level 6 in Long Blades
  2768 | D:3      | Reached XP level 6. HP: 44/44 MP: 6/6
  2823 | D:3      | Found a runed translucent gate.
  2824 | D:3      | Noticed Lanoc's ghost (weakling OpAs)
  2833 | D:3      | Found a runed translucent gate.
  2833 | D:3      | Found a runed translucent gate.
  2837 | D:3      | Identified the +8 short sword "Jedd" {flame, rC+ Dex+4}
  2837 | D:3      | Identified the +1 scale mail of Somewhere Else {rC+}
  3227 | D:3      | Found a sparkling altar of Nemelex Xobeh.
  3342 | D:3      | Found a roughly hewn altar of Beogh.
  3374 | D:3      | Killed Lanoc's ghost
  3552 | D:4      | Found a staircase to the Ecumenical Temple.
  3809 | D:4      | Reached ** piety under Okawaru
  3809 | D:4      | Reached skill level 7 in Long Blades
  4069 | D:4      | Found a shimmering blue altar of Sif Muna.
  4069 | D:4      | Found a white marble altar of Elyvilon.
  4251 | D:5      | Entered Level 5 of the Dungeon
  4267 | D:5      | Gained mutation: You are mostly covered in large bone
                  | plates. (SH +6) [demonic ancestry]
  4267 | D:5      | Reached XP level 7. HP: 49/50 MP: 7/7
  4314 | D:5      | Reached skill level 8 in Long Blades
  4594 | D:5      | Reached *** piety under Okawaru
  4594 | D:5      | Reached skill level 9 in Long Blades
  4594 | D:5      | Gained mutation: You are partially covered in sharp spines.
                  | [demonic ancestry]
  4594 | D:5      | Reached XP level 8. HP: 52/56 MP: 8/8
  4726 | D:5      | Found a glowing golden altar of the Shining One.
  4727 | D:5      | Gained mutation: Your flesh is heat resistant. (rF+)
                  | [potion of mutation]
  4727 | D:5      | Gained mutation: Your spells are a little easier to cast,
                  | but a little less powerful. [potion of mutation]
  4727 | D:5      | Gained mutation: You have a pair of small antennae on your
                  | head. [potion of mutation]
  5018 | D:5      | Found a bloodstained altar of Trog.
  5434 | D:6      | Noticed Blork the orc
  5440 | D:6      | Killed Blork the orc
  5539 | D:6      | Reached skill level 10 in Long Blades
  5904 | D:6      | Learned a level 2 spell: Swiftness
  6265 | D:7      | Found a transporter.
  6265 | D:7      | Noticed HoaS's ghost (novice GrBe)
  6266 | D:7      | Noticed a two-headed ogre
  6268 | D:7      | Found a transporter.
  6278 | D:7      | Reached skill level 11 in Long Blades
  6278 | D:7      | Reached XP level 9. HP: 61/61 MP: 9/9
  6453 | D:7      | Reached **** piety under Okawaru
  7023 | D:8      | You fall into a shaft and drop 1 floor!
  7078 | D:9      | Noticed Grum
  7086 | D:9      | Reached skill level 12 in Long Blades
  7097 | D:9      | Killed Grum
  7714 | D:8      | Noticed Maurice
  7773 | D:8      | Killed Maurice
  7773 | D:8      | Reached skill level 13 in Long Blades
  8206 | D:9      | Gained mutation: You have hoof-like feet. [demonic
                  | ancestry]
  8206 | D:9      | Reached XP level 10. HP: 62/67 MP: 10/10
  8339 | D:9      | Reached ***** piety under Okawaru
  8340 | D:9      | Noticed a tengu warrior
  8351 | D:9      | Killed a tengu warrior
  8430 | D:9      | Noticed a six-headed hydra
  8661 | D:9      | HP: 3/67 [six-headed hydra (5)]
  8668 | D:9      | Killed a six-headed hydra
  8668 | D:9      | Received a gift from Okawaru
  8668 | D:9      | Reached skill level 14 in Long Blades
  8668 | D:9      | Reached skill level 1 in Armour
  8975 | D:9      | Found a stormy altar of Qazlal.
  9108 | D:9      | Found a staircase to the Lair.
  9366 | D:9      | Identified the Catalogue of Venomous Flames
  9367 | D:9      | Got a brightly glowing ivory ring
  9367 | D:9      | Got a clouded copper ring
  9370 | D:9      | Got a brightly glowing hand axe
  9370 | D:9      | Got a crude ring mail
  9381 | D:9      | Identified the +1 ring mail of the Zebra {MR+ Dex+3} (You
                  | found it on level 9 of the Dungeon)
  9382 | D:9      | Identified the +4 hand axe "Pavaadoo" {pain, Int+10 Dex+6
                  | Stlth-} (You found it on level 9 of the Dungeon)
  9435 | D:10     | Entered Level 10 of the Dungeon
  9573 | D:10     | Received a gift from Okawaru
  9966 | D:11     | Noticed a catoblepas
  9980 | D:11     | Slain by a catoblepas

Illustrated notes

Levels and vault maps discovered:
D:1:      evilmike_arrival_crescent, layout_basic, minmay_three_crescents
D:2:      layout_loops_cross, okawaru_ov_weapons_minmay, first_ration,
          uniq_natasha
D:3:      layout_basic, nemelex_xobeh_ov_fountains_minmay,
          biasface_ghost_orc_armoury
D:4:      layout_gridville, gammafunk_temple_overflow_wave,
          minmay_temple_entry_slanted
D:5:      layout_basic, tso_metal_star, trog_book
D:6:      layout_basic, uniq_blork_the_orc
D:7:      layout_loops_ring, gammafunk_ghost_arena
D:8:      layout_cave_pools, uniq_maurice
D:9:      minmay_the_grid_net [minmay_the_grid_outer_diamond,
          minmay_the_grid_pillar_ring, minmay_the_grid_stretched_grid,
          minmay_the_grid_outer_circle, minmay_the_grid_holed_spiral,
          minmay_the_grid_prize_shrinking_boxes], layout_loops_corners,
          nicolae_qazlal_eye_of_the_storm, uniq_grum
D:10:     layout_basic
D:11:     layout_roguey, portal_ice_cave_rime, uniq_harold

Skill      XL: |  1  2  3  4  5  6  7  8  9 10 |
---------------+-------------------------------+-----
Long Blades    | 3 4 5 6 7 9 11 13 14 | 14.0
Armour         | 3 |  3.0
Dodging        | 3 |  3.4
Fighting       | 3 |  3.0
Throwing       | |  1.7
Invocations    | |  0.2

Action                   |  1- 3 |  4- 6 |  7- 9 | 10-12 || total
-------------------------+-------+-------+-------+-------++-------
Melee: Long sword        |   118 |    85 |       |       ||   203
       Kick              |       |    32 |   103 |    34 ||   169
       Short sword       |       |    27 |   270 |    91 ||   388
Throw: Throwing net      |     1 |       |     2 |       ||     3
Invok: Heroism           |       |       |     1 |     2 ||     3
  Use: Scroll            |       |     7 |    10 |     3 ||    20
       Potion            |       |       |     3 |     2 ||     5
 Stab: Held in net/web   |       |       |     1 |       ||     1
  Eat: Chunk             |     3 |     7 |     9 |     2 ||    21
       Ration            |       |     1 |     1 |     1 ||     3
Armor: Leather armour    |    45 |       |       |       ||    45
       Ring mail         |     2 |    22 |    40 |    23 ||    87
Dodge: Dodged            |    82 |    48 |   100 |    34 ||   264
Block: Other             |    22 |    18 |    56 |    27 ||   123
       Rpst.: Long sword |    25 |    11 |       |       ||    36

Table legend:
 A = Non-vault XP
 B = Vault XP
 C = Vault XP percentage of total XP
 D = Non-vault monster count
 E = Vault monster count
 F = Vault count percentage of total count
                 A         B        C        D         E       F
            +---------+---------+-------+---------+---------+-------
      Total |    5426 |    3948 |  42.1 |     187 |      36 |  16.1
            +---------+---------+-------+---------+---------+-------
        D:1 |      33 |       7 |  17.5 |      21 |       6 |  22.2
        D:2 |     266 |      35 |  11.6 |      18 |       1 |   5.3
        D:3 |     121 |      45 |  27.1 |      18 |       9 |  33.3
        D:4 |     198 |       0 |   0.0 |      12 |       0 |   0.0
        D:5 |     973 |       0 |   0.0 |      28 |       0 |   0.0
        D:6 |     511 |     100 |  16.4 |      15 |       1 |   6.2
        D:7 |    1046 |       0 |   0.0 |      24 |       0 |   0.0
        D:8 |     786 |     469 |  37.4 |      27 |       1 |   3.6
        D:9 |     731 |    3292 |  81.8 |      13 |      18 |  58.1
       D:10 |     612 |       0 |   0.0 |       7 |       0 |   0.0
       D:11 |     149 |       0 |   0.0 |       4 |       0 |   0.0
            +---------+---------+-------+---------+---------+-------
